 Seeded DCSS version 0.31-a0-210-gccc998df9b (webtiles) character file.

Game seed: 8113056780134302019 (custom seed)

494 innerfire43 the Trooper (level 6, 0/50 HPs)
             Began as a Demonspawn Monk on June 30, 2023.
             Slain by a black bear (9 damage)
             ... on level 5 of the Dungeon.
             The game lasted 00:04:29 (3417 turns).

innerfire43 the Trooper (Demonspawn Monk)           Turns: 3417, Time: 00:04:30

Health: 0/50       AC: 17    Str: 13    XL:     6   Next: 92%
Magic:  6/6        EV:  4    Int: 15    God:
Gold:   169        SH:  0    Dex: 20    Spells: 5/5 levels left

rFire   + . .        C - +3 glaive
rCold   . . .        (shield currently unavailable)
rNeg    . . .        e - +1 plate armour "Zuqoont" {-Tele Int+4 Dex+4}
rPois   .            g - +0 helmet
rElec   .            t - +0 cloak
rCorr   .            (no gloves)
SInv    +            A - +0 pair of boots
Will    .....        o - amulet of the acrobat Stlth
                     k - ring of see invisible
HPRegen 0.28/turn    l - ring of protection from fire
MPRegen 0.10/turn

%: no teleportation, acrobat
@: no status effects
A: thin metallic scales 1, demonic touch 2
a: no special abilities


You were on level 5 of the Dungeon.
You visited 1 branch of the dungeon, and saw 5 of its levels.

You collected 169 gold pieces.

Inventory:

Hand Weapons
 a - a +0 spear
 C - a +3 glaive (weapon)
Armour
 b - a +0 robe
 d - an orb of light
 e - the +1 plate armour "Zuqoont" (worn) {-Tele Int+4 Dex+4}
   (You acquired it on level 1 of the Dungeon)

   Int:       It affects your intelligence (+4).
   Dex:       It affects your dexterity (+4).
   -Tele:     It prevents most forms of teleportation.
 g - a +0 helmet (worn)
 j - a +0 tower shield
 t - a +0 cloak (worn)
 x - a +1 robe of willpower
 A - a +0 pair of boots (worn)
Jewellery
 k - a ring of see invisible (left hand)
 l - a ring of protection from fire (right hand)
 m - a ring of ice
 o - an amulet of the acrobat (around neck)
Scrolls
 f - 2 scrolls of vulnerability {unknown}
 h - 3 scrolls of fog {unknown}
 i - 3 scrolls of teleportation {unknown}
 n - a scroll of blinking {unknown}
 p - a scroll of amnesia {unknown}
 s - a scroll of enchant weapon {unknown}
 u - a scroll of torment {unknown}
 y - a scroll of identify {unknown}
Potions
 c - a potion of ambrosia
 q - a potion of degeneration {unknown}
 v - a potion of attraction {unknown}
 w - a potion of enlightenment {unknown}
 z - 2 potions of resistance {unknown}
 B - a potion of haste {unknown}


   Skills:
 + Level 4.9 Fighting
 + Level 4.4 Polearms
 * Level 3.3 Armour
 - Level 3.5 Dodging


You had 5 spell levels left.
You didn't know any spells.
Your spell library contained the following spells:

 Spells                   Type           Power      Damage    Failure   Level
 Ensorcelled Hibernation  Hex/Ice        0%         N/A       100%        2
 Spider Form              Tmut/Pois      0%         N/A       100%        3
 Anguish                  Hex/Necr       0%         N/A       100%        4


Dungeon Overview and Level Annotations

Branches:
Dungeon (5/15)
 Temple: D:4-7

Altars:
Kikubaaqudgha

Shops:
D:1 ?


Innate Abilities, Weirdness & Mutations

You are partially covered in thin metallic scales. (AC +2)
Your touch may inflict irresistible damage on your foes.


Message History

The black bear claws you but does no damage. x2
The black bear barely misses you. x2
The black bear claws you but does no damage.
You feel much better.
The black bear bites you but does no damage.
The black bear claws you but does no damage.
The black bear claws you.
You hit the black bear.
The black bear is heavily wounded.
The black bear bites you but does no damage.
The black bear claws you but does no damage. x2
You slash the black bear!
The black bear is almost dead.
The black bear bites you but does no damage.
The black bear claws you but does no damage. x2
The black bear bites you but does no damage.
The black bear barely misses you.
The black bear claws you but does no damage.
You hit the black bear.
The black bear is almost dead.
The black bear goes berserk!
Unknown command.
You hit the black bear but do no damage.
The black bear is almost dead.
The black bear bites you!
* * * LOW HITPOINT WARNING * * *
The black bear claws you but does no damage. x2
The black bear barely misses you.
The black bear claws you but does no damage. x2
The black bear bites you.
* * * LOW HITPOINT WARNING * * *
The black bear claws you but does no damage. x2
You hit the black bear but do no damage.
The black bear is almost dead.
The black bear bites you but does no damage.
The black bear claws you.
* * * LOW HITPOINT WARNING * * *
The black bear claws you but does no damage.
The black bear bites you!
You die...

. .. ...#
... ...##
#.#. ....
#... ... #
#.#.#..#.# .
#....... ...
#.....##..#.
#.<.......
#.@h...#..
#)#....# #.
....... #.
....### ##
#.....
.##### .# ##


You could see a black bear (berserk).

Vanquished Creatures
  Grinder (D:3)
  An ogre (D:5)
  A howler monkey (D:4)
  An iguana (D:4)
  A gnoll (D:1)
  6 adders
  2 worms (D:2)
  4 dart slugs
  3 orcs (D:3)
  10 bats
  6 endoplasms
  5 giant cockroaches
  7 goblins
  A hobgoblin (D:3)
  6 kobolds
  A quokka (D:1)
  9 ball pythons
  A frilled lizard (D:3)
  3 rats
69 creatures vanquished.

Notes
Turn   | Place    | Note
-------+----------+-------------------------------------------
     0 | D:1      | innerfire43 the Demonspawn Monk began the quest for the
                  | Orb.
     0 | D:1      | Reached XP level 1. HP: 18/18 MP: 1/1
    58 | D:1      | Gained mutation: Your touch may inflict minor irresistible
                  | damage on your foes. [demonic ancestry]
    58 | D:1      | Reached XP level 2. HP: 21/24 MP: 2/2
   133 | D:1      | Identified a scroll of acquirement
   133 | D:1      | Acquired the +1 plate armour "Zuqoont" {-Tele Int+4 Dex+4}
   258 | D:1      | Reached XP level 3. HP: 29/29 MP: 3/3
   340 | D:1      | Found Ponycs's Magic Scroll Shop.
   581 | D:2      | Gained mutation: You are partially covered in thin metallic
                  | scales. (AC +2) [demonic ancestry]
   581 | D:2      | Reached XP level 4. HP: 27/37 MP: 4/4
  1251 | D:2      | Acquired an amulet of the acrobat
  1638 | D:3      | Noticed Grinder
  1639 | D:3      | Paralysed by Grinder for 2 turns
  1658 | D:3      | Paralysed by Grinder for 2 turns
  1659 | D:3      | HP: 1/37 [Grinder/nerve-wracking pain (12)]
  1673 | D:3      | Paralysed by Grinder for 2 turns
  1680 | D:3      | Paralysed by Grinder for 5 turns
  1690 | D:3      | Killed Grinder
  1691 | D:3      | Gained mutation: Your touch may inflict irresistible damage
                  | on your foes. [demonic ancestry]
  1691 | D:3      | Reached XP level 5. HP: 25/43 MP: 5/5
  1691 | D:3      | Reached XP level 6. HP: 29/49 MP: 6/6
  2651 | D:4      | Found an ancient bone altar of Kikubaaqudgha.
  3399 | D:5      | Entered Level 5 of the Dungeon
  3417 | D:5      | Slain by a black bear

Illustrated notes

Levels and vault maps discovered:
D:1:      roderic_crossed_star, layout_rooms, serial_shops, nicolae_diamond_shop
D:2:      layout_loops_cross
D:3:      layout_basic, uniq_grinder
D:4:      layout_basic, zin_academy, kennysheep_mini
D:5:      layout_basic, kennysheep_mini_moat, grunt_decor_one_mirror,
          kennysheep_generic_room_9

Skill      XL: |  1  2  3  4  5  6 |
---------------+-------------------+-----
Dodging        | 3 |  3.5
Polearms       | 3 4 |  4.4
Fighting       | 4 |  4.9
Armour         | 2 3 |  3.3

Action                     |  1- 3 |  4- 6 || total
---------------------------+-------+-------++-------
  Melee: Spear             |    94 |   186 ||   280
         Glaive            |       |    14 ||    14
    Use: Scroll            |     1 |     1 ||     2
         Potion            |       |     3 ||     3
 Armour: Robe              |     7 |       ||     7
         Plate armour      |    53 |   126 ||   179
  Dodge: Dodged            |    29 |    34 ||    63

Table legend: (Time is in decaauts)
 A = Elapsed time spent in this place.
 B = Non-inter-level travel time spent in this place.
 C = Inter-level travel time spent in this place.
 D = Time resting spent in this place.
 E = Time spent auto-exploring this place.
 F = Levels seen in this place.
 G = Mean time per level.
                   A        B        C        D        E       F      G
               +--------+--------+--------+--------+--------+-----+--------+
         Total |   3400 |   2963 |    437 |      0 |   2372 |   5 |  680.0 |
       Dungeon |   3400 |   2963 |    437 |      0 |   2372 |   5 |  680.0 |
               +--------+--------+--------+--------+--------+-----+--------+

Top non-repeatable levels by time:
     D:4: 1239 daAuts
     D:2: 819 daAuts
     D:3: 773 daAuts
     D:1: 545 daAuts
     D:5: 23 daAuts
